 Dungeon Crawl Stone Soup version 0.30-a0-956-gcec3b41aec (webtiles) character file.

Game seed: 15433973886954116304

2555 dredge the Carver (level 9, -16/70 HPs)
             Began as a Human Berserker on Mar 30, 2023.
             Was an Elder of Trog.
             Demolished by an orc warrior
             ... wielding a +0 spear
              (17 damage)
             ... in a bailey.
             The game lasted 00:19:00 (6577 turns).

dredge the Carver (Human Berserker)                 Turns: 6577, Time: 00:19:00

Health: -16/70     AC: 16    Str: 25    XL:     9   Next: 86%
Magic:  9/9        EV: 13    Int:  7    God:    Trog [****..]
Gold:   409        SH:  5    Dex: 17    Spells: 8/8 levels left

rFire   + . .      SeeInvis .    z - +5 halberd
rCold   x . .      Faith    .    (shield currently unavailable)
rNeg    . . .      Spirit   .    o - +8 ring mail "Hatoi" {rC- Str+4 Dex+3}
rPois   .          Reflect  +    (no helmet)
rElec   .          Rampage  .    r - +0 cloak
rCorr   .                        q - +0 pair of gloves
Will    .....                    (no boots)
Stlth   +                        w - amulet of reflection
HPRegen 0.31/turn                f - +4 ring of slaying
MPRegen 0.11/turn                B - ring of protection from fire

@: on berserk cooldown, slowed, very slow
A: no striking features
a: Renounce Religion, Berserk, Trog's Hand, Brothers in Arms


You were in a bailey.
You worshipped Trog.
Trog was greatly pleased with you.
You visited 1 branch of the dungeon, and saw 7 of its levels.
You also visited: Bailey.

You collected 409 gold pieces.

Inventory:

Hand Weapons
 x - a +3 mace
 y - a +0 spear of flaming
 z - a +5 halberd (weapon)
 C - a +4 quarterstaff of chaos
Missiles
 a - 7 poisoned darts (quivered)
Armour
 o - the +8 ring mail "Hatoi" (worn) {rC- Str+4 Dex+3}
   (You found it on level 4 of the Dungeon)

   Str:       It affects your strength (+4).
   Dex:       It affects your dexterity (+3).
   rC:        It makes you vulnerable to cold.
 q - a +0 pair of gloves (worn)
 r - a +0 cloak (worn)
 E - a scarf of harm
Jewellery
 f - a +4 ring of slaying (left hand)
 w - an amulet of reflection (around neck)
 B - a ring of protection from fire (right hand)
Scrolls
 g - 2 scrolls of enchant armour
 i - 2 scrolls of summoning {unknown}
 j - 2 scrolls of brand weapon {unknown}
 k - 2 scrolls of magic mapping
 m - a scroll of amnesia {unknown}
 s - 2 scrolls of teleportation {unknown}
 t - a scroll of noise {unknown}
 u - a scroll of vulnerability {unknown}
 v - a scroll of identify {unknown}
 A - a scroll of fog {unknown}
 D - a scroll of immolation {unknown}
Potions
 b - a potion of heal wounds {unknown}
 c - a potion of brilliance {unknown}
 e - a potion of degeneration
 h - a potion of curing
 l - 2 potions of flight {unknown}
 n - a potion of might {unknown}
 p - 2 potions of lignification {unknown}


   Skills:
 + Level 6.3 Fighting
 + Level 8.5 Long Blades
 + Level 3.6 Polearms
 + Level 5.4 Armour
 + Level 4.8 Dodging
 + Level 1.7 Stealth
 + Level 0.5 Shields


You had 8 spell levels left.
You didn't know any spells.
Your spell library contained the following spells:

 Spells                   Type           Power      Damage    Failure   Level
 Apportation              Tloc           0%         N/A       56%         1
 Necrotise                Necr           0%         1d4       56%         1
 Slow                     Hex            0%         N/A       56%         1
 Summon Small Mammal      Summ           0%         N/A       56%         1
 Confusing Touch          Hex            0%         N/A       90%         3
 Kindle Blastsparks       Fire/Tloc/Air  0%         2d10      90%         3
 Ozocubu's Armour         Ice            0%         N/A       90%         3
 Vampiric Draining        Necr           0%         2d6       90%         3
 Fulminant Prism          Conj/Hex       0%         3d5       100%        4
 Iskenderun's Mystic Bla  Conj/Tloc      0%         2d3       100%        4
 Lee's Rapid Deconstruct  Erth           0%         3d4*      100%        5
 Ozocubu's Refrigeration  Ice            0%         4d7       100%        7


Dungeon Overview and Level Annotations

Branches:
Dungeon (7/15)             Temple (0/1) D:7          Bailey (1/1)

Altars:
Hepliaklqana
Xom
Yredelemnul


Message History

You feel a strong urge to attack something.
The orc warrior closely misses you. You block the orc warrior's attack.
There is an open door here.
You slash the orc warrior!
The orc warrior is heavily wounded.
You impale the orc warrior!!
You kill the orc warrior!
Trog accepts your kill.
The orc warrior hits you from afar with a +0 glaive!
The orc warrior barely misses you. You block the orc warrior's attack.
The orc knight hits you from afar with a +0 trident!
The orc warrior completely misses you.
Things that are here:
a +0 glaive; a +0 scale mail; an orc corpse You barely miss the orc warrior.
The orc warrior no longer looks unusually strong.
The orc warrior hits you with a +0 spear!
* * * LOW HITPOINT WARNING * * *
The orc knight hits you from afar with a +0 trident.
* * * LOW HITPOINT WARNING * * *
You puncture the orc warrior!
The orc warrior is heavily wounded.
The orc warrior hits you with a +0 glaive.
* * * LOW HITPOINT WARNING * * *
You block the orc knight's attack.
The orc warrior hits you with a +0 spear.
* * * LOW HITPOINT WARNING * * *
You are no longer berserk.
You are exhausted.
You feel yourself slow down.
The orc warrior hits you from afar with a +0 glaive!
* * * LOW HITPOINT WARNING * * *
The orc warrior barely misses you.
There is an open door here.
The orc warrior hits you but does no damage.
The orc knight hits you from afar with a +0 trident.
* * * LOW HITPOINT WARNING * * *
The orc warrior hits you with a +0 spear!
You die...

####### ###+##### #.$$$.#
......§§§## ##.$.#
.≈≈≈.§≈§..#+ .##.##
≈≈....§§≈..## ..#+#
≈...⌠...≈§..# ..#
...⌠∩⌠......# .##
§§....o≈≈..# ##
.≈≈≈≈≈§≈oo# # ......§.@##
############+###§#########
.)......##.....##.........
~~~~~~~..##.∩.##..~~)~~~~~
......~~.)## ##..~~.......
#####..~~).###..~~..######
##..~~.....~~..##
##..~~~~~~~..##
##.........##


You could see an orc knight and 2 orc warriors.

Vanquished Creatures
  Grinder (D:5)
  A wyvern (D:7)
  An orc warrior (Bailey)
  2 black bears
  2 ice beasts
  2 ogres (D:4)
  2 phantoms (D:5)
  7 scorpions
  5 wights (D:5)
  A howler monkey (D:6)
  2 jellies
  An orc priest (D:5)
  Crazy Yiuf (D:5)
  A human zombie (D:6)
  2 hounds
  A sleepcap (D:5)
  2 orc wizards (D:5)
  Terence (D:3)
  11 gnolls
  18 adders
  A white imp (D:5)
  An ufetubus (D:6)
  2 worms (D:4)
  3 dart slugs
  18 orcs
  8 ball pythons
  5 bats
  9 endoplasms
  A giant cockroach (D:4)
  12 hobgoblins
  11 jackals
  11 kobolds
  6 quokkas
  5 frilled lizards
  13 goblins
  A jackal skeleton (D:6)
  5 rats
176 creatures vanquished.

Vanquished Creatures (others)
  A howler monkey (D:5)
  A jelly (D:5)
  An iguana (D:5)
  An orc wizard (D:5)
  A white imp (D:5)
  2 orcs (D:5)
  A plant (D:4)
8 creatures vanquished.

Grand Total: 184 creatures vanquished

Notes
Turn   | Place    | Note
-------+----------+-------------------------------------------
     0 | D:1      | dredge the Human Berserker began the quest for the Orb.
     0 | D:1      | Reached XP level 1. HP: 18/18 MP: 1/1
    81 | D:1      | Reached XP level 2. HP: 24/24 MP: 2/2
   360 | D:1      | Reached XP level 3. HP: 29/29 MP: 3/3
   550 | D:1      | Reached ** piety under Trog
  1063 | D:2      | Found a faded altar of an unknown god.
  1115 | D:2      | Reached XP level 4. HP: 34/35 MP: 4/4
  1845 | D:3      | Reached XP level 5. HP: 35/42 MP: 5/5
  1847 | D:3      | Reached skill level 4 in Long Blades
  1960 | D:3      | Noticed Terence
  1976 | D:3      | Killed Terence
  2511 | D:3      | Reached XP level 6. HP: 8/48 MP: 6/6
  2515 | D:3      | HP: 1/48 [poisoned by a scorpion]
  2960 | D:4      | Identified the +8 ring mail "Hatoi" {rC- Str+4 Dex+3}
  3000 | D:4      | Reached *** piety under Trog
  3003 | D:4      | Noticed an ogre
  3012 | D:4      | Killed an ogre
  3013 | D:4      | Reached skill level 5 in Long Blades
  3250 | D:4      | Noticed a black bear
  3255 | D:4      | Killed a black bear
  3256 | D:4      | Reached XP level 7. HP: 50/55 MP: 7/7
  3453 | D:4      | Reached skill level 6 in Long Blades
  3835 | D:4      | Reached XP level 8. HP: 36/61 MP: 8/8
  4235 | D:5      | Entered Level 5 of the Dungeon
  4493 | D:5      | Reached skill level 5 in Fighting
  4521 | D:5      | Reached skill level 7 in Long Blades
  4742 | D:5      | Reached XP level 9. HP: 35/61 MP: 9/9
  4959 | D:5      | Noticed Grinder
  4983 | D:5      | Killed Grinder
  4984 | D:5      | Reached skill level 8 in Long Blades
  4984 | D:5      | Reached skill level 5 in Armour
  5048 | D:5      | Found a shimmering altar of Xom.
  5057 | D:5      | Reached skill level 1 in Polearms
  5251 | D:5      | Found a hazy altar of Hepliaklqana.
  5357 | D:5      | Reached skill level 1 in Stealth
  5600 | D:5      | Found a runed translucent door.
  5601 | D:5      | Noticed Crazy Yiuf
  5609 | D:5      | Killed Crazy Yiuf
  5838 | D:6      | Found a runed translucent door.
  5842 | D:6      | Found a basalt altar of Yredelemnul.
  5854 | D:6      | Reached **** piety under Trog
  6370 | D:7      | Found a flagged portal.
  6391 | Bailey   | Entered a bailey
  6554 | Bailey   | Noticed an orc knight
  6577 | Bailey   | HP: 1/70 [orc knight/+0 trident (6)]
  6577 | Bailey   | Demolished by an orc warrior

Illustrated notes

Levels and vault maps discovered:
D:1:      sevenhm_arrival_forest_fort_small_4, layout_basic
D:2:      layout_loops_ring, ebering_ecumenical_altar_hall
D:3:      layout_loops_corners, uniq_terence
D:4:      minmay_wonky_spiral, layout_basic, saegor_snake_ambush
D:5:      layout_basic, worldfamousw_hep_ancestral_shrine, xom_confusion_cloud,
          uniq_crazy_yiuf_cottage, uniq_grinder
D:6:      minmay_polygon_palace, layout_loops_corners, dk_yredelemnul_ordeal,
          solitary_fountain, uniq_sigmund
D:7:      layout_layer_cave, mainiacjoe_overflow_alcove_1, temple_pool_b,
          enter_bailey_3
Bailey:   bailey_polearm_1, bailey

Skill      XL: |  1  2  3  4  5  6  7  8  9 |
---------------+----------------------------+-----
Fighting       | 4 5 6 |  6.3
Long Blades    | 4 5 6 7 8 |  8.5
Armour         | 3 4 5 |  5.4
Dodging        | 3 4 |  4.8
Polearms       | 3 |  3.6
Stealth        | 1 |  1.7
Shields        | |  0.5

Action                     |  1- 3 |  4- 6 |  7- 9 || total
---------------------------+-------+-------+-------++-------
  Melee: Falchion          |    27 |       |       ||    27
         Long sword        |    92 |   148 |   169 ||   409
         Punch             |     1 |     1 |     1 ||     3
         Halberd           |       |       |   105 ||   105
 Invoke: Berserk           |       |     1 |     4 ||     5
         Trog's Hand       |       |       |     1 ||     1
    Use: Potion            |       |     2 |     2 ||     4
         Scroll            |       |     1 |     1 ||     2
   Stab: Sleeping          |       |       |     1 ||     1
 Armour: Scale mail        |    55 |    78 |       ||   133
         Ring mail         |       |    11 |   132 ||   143
  Dodge: Dodged            |    74 |   105 |   247 ||   426
  Block: Other             |       |       |    25 ||    25

Table legend: (Time is in decaauts)
 A = Elapsed time spent in this place.
 B = Non-inter-level travel time spent in this place.
 C = Inter-level travel time spent in this place.
 D = Time resting spent in this place.
 E = Time spent auto-exploring this place.
 F = Levels seen in this place.
 G = Mean time per level.
                   A        B        C        D        E       F      G
               +--------+--------+--------+--------+--------+-----+--------+
         Total |   6747 |   6537 |    210 |    715 |   4471 |   8 |  843.4 |
       Dungeon |   6550 |   6340 |    210 |    715 |   4345 |   7 |  935.7 |
        Bailey |    196 |    196 |      0 |      0 |    126 |   1 |  196.0 |
               +--------+--------+--------+--------+--------+-----+--------+

Top non-repeatable levels by time:
     D:5: 1537 daAuts
     D:4: 1318 daAuts
     D:3: 1188 daAuts
     D:1: 1053 daAuts
     D:2: 785 daAuts
     D:6: 586 daAuts
  Bailey: 196 daAuts
     D:7: 81 daAuts
